 Dungeon Crawl Stone Soup version 0.28.0-53-g5a82cb258f (webtiles) character file.

Game seed: 13780577608778775236

387 Sanktem7 the Skirmisher (level 6, -8/57 HPs)
             Began as a Minotaur Fighter on May 24, 2022.
             Mangled by an orc warrior
             ... wielding a +0 flail
              (12 damage)
             ... on level 4 of the Dungeon.
             The game lasted 00:09:10 (3369 turns).

Sanktem7 the Skirmisher (Minotaur Fighter)          Turns: 3369, Time: 00:09:10

Health: -8/57      AC:  7    Str: 23    XL:     6   Next: 49%
Magic:  5/5        EV:  9    Int:  5    God:
Gold:   91         SH:  4    Dex:  9    Spells: 5/5 levels left

rFire   x . .      SeeInvis .   a - +1 war axe {axe}
rCold   + . .      Faith    .   c - +0 buckler
rNeg    . . .      Spirit   .   b - +0 scale mail
rPois   .          Reflect  .   (helmet restricted)
rElec   .          Harm     .   (no cloak)
rCorr   .          Rampage  .   (no gloves)
Will    .....                   (no boots)
Stlth   ..........              (no amulet)
HPRegen 0.19/turn               h - ring of ice
MPRegen 0.09/turn               (no ring)

@: no status effects
A: horns 2, retaliatory headbutt
a: no special abilities


You were on level 4 of the Dungeon.
You visited 1 branch of the dungeon, and saw 4 of its levels.

You collected 135 gold pieces.
You spent 44 gold pieces at shops.


Innate Abilities, Weirdness & Mutations

You have a pair of horns on your head.
You reflexively headbutt those who attack you in melee.


   Skills:
 * Level 5.8 Fighting
 * Level 5.3 Axes
 + Level 4.8 Armour
 + Level 4.8 Shields


You had 5 spell levels left.
You didn't know any spells.
Your spell library contained the following spells:

 Spells                   Type           Power      Damage    Failure   Level
 Inner Flame              Hex/Fire       0%         N/A       99%         3
 Cause Fear               Hex            0%         N/A       100%        4
 Discord                  Hex            0%         N/A       100%        8

Inventory:

Hand Weapons
 a - a +1 war axe (weapon) {axe}
 v - a +1 dagger of venom {short}
   (You took it off an orc on level 3 of the Dungeon)
 w - a +1 whip of pain {mace}
   (You took it off a gnoll on level 4 of the Dungeon)
Missiles
 e - 42 bolts
 i - 107 stones (quivered) {throwing}
 m - 14 sling bullets
 q - 4 poisoned darts {throwing}
 u - 2 boomerangs {throwing}
Armour
 b - a +0 scale mail (worn)
 c - a +0 buckler (worn)
Jewellery
 h - a ring of ice (left hand)
   (You found it on level 1 of the Dungeon)
 s - a ring of resist corrosion
   (You found it on level 3 of the Dungeon)
Wands
 j - a wand of iceblast (7)
   (You found it on level 3 of the Dungeon)
Scrolls
 f - a scroll of enchant armour
 g - 2 scrolls of magic mapping {!r}
 k - 3 scrolls of teleportation {@r4}
 l - a scroll of fear
 n - a scroll of fog
 t - a scroll of amnesia {unknown}
Potions
 d - 2 potions of might
 o - a potion of brilliance
 p - a potion of curing {@q1}
 r - a potion of heal wounds {unknown}

Dungeon Overview and Level Annotations

Branches:
Dungeon (4/15)
 Temple: D:4-7

Altars:

Shops:
D:2 =   D:3 ? D:4

:** .## ####
..##..##...
#.#.......#
#.#.#...#.#
#.#..#.#..#
#.#...∩...#
#.#.†#.#..#
#.#.#...#.#
#.@.......#
#o###.#.###
#####)###...#
#.......###.##
##.......##...#
###..........##.#
#..........#.# .#
#.#
#..........#..∩..#
#.#
##.........#....∩.#


You could see an orc warrior.


Message History

You slash the howler monkey!
The howler monkey completely misses you.
You closely miss the howler monkey. The howler monkey hits you.
The howler monkey hoots and howls with incredible vigour!
You hear an angry hiss.
You hear a shout!
You slice the howler monkey!!
You kill the howler monkey! 😕 HP[+1]
You now have 57 max hp (+1).
You see here a howler monkey corpse.
An orc wizard comes into view. It is wielding a +0 dagger. 😕 HP[+8]
You regained 8 hp, and now have 55/57 hp.
An orc wizard is nearby!
An orc wizard is nearby!
An orc wizard is nearby!
You don't know any spells.
An adder comes into view.
An orc priest comes into view. It is wielding a +0 club.
The orc priest shouts!
The orc wizard casts a spell at you.
The magic dart hits you but does no damage.
An orc warrior comes into view. It is wielding a +0 flail.
The orc warrior shouts!
You closely miss the orc wizard. You headbutt the orc wizard.
The orc wizard casts a spell at you. The magic dart hits you.
The orc wizard hits you with a +0 dagger.
You block the orc priest's attack. 😕 HP[-2]
You take 2 damage, and now have 53/57 hp.
You closely miss the orc wizard.
The adder hisses angrily.
You headbutt the orc wizard. You closely miss the orc priest.
The orc wizard gestures wildly while chanting.
The orc wizard flickers and vanishes!
Deactivating autopickup; reactivate with Ctrl-A.
The orc priest hits you with a +0 club. 😕 HP[-3]
You take 3 damage, and now have 50/57 hp.
You barely miss the orc priest. Your headbutt misses the orc priest.
You closely miss something.
The orc priest calls down the wrath of Beogh upon you.
You barely resist. You barely miss the orc warrior.
You headbutt the orc warrior, but do no damage.
You closely miss the orc priest. The orc priest closely misses you.
You block the orc warrior's attack. The orc priest closely misses you.
The adder bites you but does no damage.
You hit the orc warrior. You closely miss the adder. You hit the orc priest.
The orc warrior barely misses you. The adder misses you.
You furiously retaliate!
You headbutt the adder! The orc priest hits you with a +0 club.
You miss the adder. You completely miss the orc warrior.
You hit the orc priest but do no damage.
The adder closely misses you. You furiously retaliate!
You headbutt the adder!
You kill the adder!
The orc warrior barely misses you. The orc priest completely misses you.
You hit the orc priest. Your headbutt misses the orc priest.
You hit the orc warrior but do no damage.
The orc warrior hits you with a +0 flail!
You block the orc priest's attack.
The orc warrior hits you with a +0 flail!
* * * LOW HITPOINT WARNING * * *
😨 HP[-22]
You take 22 damage, and now have 28/57 hp.
MASSIVE DAMAGE!! (PAUSE)
You block the orc priest's attack. 😮 HP[+1]
You closely miss the orc priest. You headbutt the orc priest.
The orc priest barely misses you.
You closely miss the orc warrior. Your headbutt misses the orc warrior.
You slash the orc priest!
You kill the orc priest!
The orc warrior barely misses you. 😮 HP[+1]
You hit the orc warrior. Your headbutt misses the orc warrior.
The orc warrior hits you with a +0 flail.
* * * LOW HITPOINT WARNING * * *
😨 HP[-4]
You take 4 damage, and now have 26/57 hp.
You closely miss something. You headbutt something.
Reactivating autopickup.
You feel a bit more experienced.
You hit the orc warrior but do no damage.
You block the orc warrior's attack.
The orc warrior hits you with a +0 flail!
* * * LOW HITPOINT WARNING * * *
Things that are here:
a +0 dagger {short}; a +0 robe; 😱 HP[-16]
You take 16 damage, and now have 10/57 hp.
MASSIVE DAMAGE!! (PAUSE)
You slash the orc warrior! Your headbutt misses the orc warrior.
The orc warrior hits you with a +0 flail!
* * * LOW HITPOINT WARNING * * *
😱 HP[-6]
You take 6 damage, and now have 4/57 hp.
You barely miss the orc warrior.
The orc warrior hits you with a +0 flail!
You die...

Skill      XL: |  1  2  3  4  5  6 |
---------------+-------------------+-----
Fighting       | 4 5 |  5.8
Axes           | 3 4 5 |  5.3
Armour         | 4 |  4.8
Shields        | 4 |  4.8

Action                   |  1- 3 |  4- 6 || total
-------------------------+-------+-------++-------
Melee: War axe           |    96 |    96 ||   192
       Headbutt          |    13 |    22 ||    35
  Use: Scroll            |       |    10 ||    10
Armor: Scale mail        |    45 |    32 ||    77
Dodge: Dodged            |    38 |    43 ||    81
Block: Buckler           |    26 |    27 ||    53

Levels and vault maps discovered:
D:1:      evilmike_arrival_home_sweet_home, layout_basic,
          hellmonk_ecumenical_altar_run_dry
D:2:      layout_basic, serial_shops, shop
D:3:      layout_rooms, serial_shops, shop
D:4:      layout_loops_ring, worldfamousw_hep_ancestral_shrine,
          minmay_temple_entry_nine_rooms, serial_shops, shop,
          nicolae_shop_advertising_works [nicolae_subvault_shop_adworks], shop,
          gammafunk_ghost_split, minmay_shop_damaged,
          nicolae_shop_overcharged_wands, uniq_eustachio

Notes
Turn   | Place    | Note
-------+----------+-------------------------------------------
     0 | D:1      | Sanktem7 the Minotaur Fighter began the quest for the Orb.
     0 | D:1      | Reached XP level 1. HP: 19/19 MP: 0/0
     0 | D:1      | magus.rc [v1.9.6]
     0 | D:1      | magus.rc [v1.9.6]
   176 | D:1      | Reached XP level 2. HP: 27/27 MP: 1/1
   201 | D:1      | Found a faded altar of an unknown god.
   285 | D:1      | Reached skill level 4 in Fighting
   285 | D:1      | Reached skill level 3 in Axes
   487 | D:1      | Reached skill level 4 in Armour
   487 | D:1      | Reached XP level 3. HP: 31/33 MP: 2/2
  1217 | D:2      | Reached skill level 4 in Shields
  1850 | D:2      | Reached XP level 4. HP: 20/41 MP: 3/3
  2240 | D:2      | Found Ubbigik's Jewellery Shoppe.
  2350 | D:3      | Reached skill level 4 in Axes
  2451 | D:3      | Found Qoagutz's Magic Scroll Shoppe.
  2468 | D:3      | Bought a scroll of identify for 22 gold pieces
  2468 | D:3      | Bought a scroll of identify for 22 gold pieces
  2532 | D:3      | Reached XP level 5. HP: 42/47 MP: 4/4
  2597 | D:3      | You pick up a book of Hexes and begin reading...
  2597 | D:3      | You add the spells Inner Flame, Cause Fear and Discord to
                  | your library.
  2742 | D:3      | Reached skill level 5 in Fighting
  3274 | D:4      | Found Irram's Assorted Antiques.
  3277 | D:4      | Found Ozistryal's Lightly-Used Armoury.
  3288 | D:4      | Reached XP level 6. HP: 44/56 MP: 5/5
  3294 | D:4      | Reached skill level 5 in Axes
  3297 | D:4      | Found Hepam's Book Shop.
  3348 | D:4      | Noticed an orc warrior
  3367 | D:4      | HP: 10/57 [orc warrior/+0 flail (16)]
  3368 | D:4      | HP: 4/57 [orc warrior/+0 flail (7)]
  3369 | D:4      | Mangled by an orc warrior

Vanquished Creatures
  A howler monkey (D:4)
  A centaur zombie (D:3)
  2 orc priests
  A hound (D:4)
  An orc wizard (D:4)
  6 gnolls (D:4)
  6 adders
  A worm (D:4)
  4 dart slugs
  5 orcs (D:3)
  7 endoplasms
  4 giant cockroaches
  7 goblins
  3 hobgoblins (D:1)
  10 jackals
  5 kobolds
  A quokka (D:3)
  6 ball pythons
  3 bats
  3 frilled lizards
  7 rats
84 creatures vanquished.

Table legend:
 A = Non-vault XP
 B = Vault XP
 C = Vault XP percentage of total XP
 D = Non-vault monster count
 E = Vault monster count
 F = Vault count percentage of total count
                 A         B        C        D         E       F
            +---------+---------+-------+---------+---------+-------
      Total |     554 |       0 |   0.0 |      84 |       0 |   0.0
            +---------+---------+-------+---------+---------+-------
        D:1 |      48 |       0 |   0.0 |      26 |       0 |   0.0
        D:2 |      95 |       0 |   0.0 |      23 |       0 |   0.0
        D:3 |     138 |       0 |   0.0 |      23 |       0 |   0.0
        D:4 |     273 |       0 |   0.0 |      12 |       0 |   0.0
            +---------+---------+-------+---------+---------+-------

Illustrated notes

Table legend:
 A = Kills in this place as a percentage of kills in entire the game.
 B = Kills by you in this place as a percentage of kills by you in the entire game.
 C = Kills by friends in this place as a percentage of kills by friends in the entire game.
 D = Other kills in this place as a percentage of other kills in the entire game.
 E = Experience gained in this place as a percentage of experience gained in the entire game.
 F = Experience gained in this place divided by the number of levels of this place that you have seen.
                   A       B       C       D       E      F
               +-------+-------+-------+-------+-------+----------------------
         Total | 100.0 | 100.0 |   N/A |   N/A | 100.0 | 138.5
       Dungeon | 100.0 | 100.0 |   N/A |   N/A | 100.0 | 138.5
               +-------+-------+-------+-------+-------+----------------------

Table legend: (Time is in decaauts)
 A = Elapsed time spent in this place.
 B = Non-inter-level travel time spent in this place.
 C = Inter-level travel time spent in this place.
 D = Time resting spent in this place.
 E = Time spent auto-exploring this place.
 F = Levels seen in this place.
 G = Mean time per level.
                   A        B        C        D        E       F      G
               +--------+--------+--------+--------+--------+-----+--------+
         Total |   3436 |   3355 |     81 |     72 |   2569 |   4 |  859.0 |
       Dungeon |   3436 |   3355 |     81 |     72 |   2569 |   4 |  859.0 |
               +--------+--------+--------+--------+--------+-----+--------+

Top non-repeatable levels by time:
     D:2: 1400 daAuts
     D:1: 951 daAuts
     D:3: 849 daAuts
     D:4: 236 daAuts
